 Dungeon Crawl Stone Soup version 0.19.3 (webtiles) character file.

6374 theAP the Protected (level 10, -1/72 HPs)
             Began as a Gargoyle Artificer on Jan 24, 2017.
             Was an Elder of Nemelex Xobeh.
             Slain by Snorg (16 damage)
             ... on level 10 of the Dungeon.
             The game lasted 00:43:29 (13261 turns).

theAP the Protected (Gargoyle Artificer)           Turns: 13261, Time: 00:43:30

Health: -1/72      AC: 18    Str: 19    XL:     10   Next: 97%
Magic:  14/14      EV: 12    Int: 15    God:    Nemelex Xobeh [****..]
Gold:   636        SH:  0    Dex: 13    Spells: 0 memorised, 9 levels left

rFire  + + .     SeeInvis .     p - +1 flail (venom)
rCold  . . .     Gourm    .     O - +2 leather armour of Negligence {rElec rF++ Int+3}
rNeg   + . .     Faith    .     (no shield)
rPois  ∞         Spirit   .     (no helmet)
rElec  +         Reflect  .     S - +0 cloak
rCorr  .         Harm     +     G - +0 pair of gloves
MR     +....                    (no boots)
Stlth  +.........               N - amulet of harm
                                y - ring of protection from magic
                                z - +3 ring of dexterity

@: very slightly contaminated, studying Armour
A: talons 1, thin metallic scales 1, blurry vision 1, low mp 1, negative energy
resistance 1, robust 1, electricity resistance, wild magic 1, unbreathing,
petrification resistance, rot immunity, AC +7
a: Triple Draw, Deal Four, Renounce Religion


You were on level 10 of the Dungeon.
You worshipped Nemelex Xobeh.
Nemelex Xobeh was greatly pleased with you.
You were hungry.

You visited 2 branches of the dungeon, and saw 11 of its levels.
You also visited: Ossuary.

You collected 825 gold pieces.
You spent 189 gold pieces at shops.

Inventory:

Hand Weapons
 p - a +1 flail of venom (weapon)
 F - a +0 flail
Armour
 b - a +1 leather armour
 G - a +0 pair of gloves (worn)
 I - a +0 chain mail
 O - the +2 leather armour of Negligence (worn) {rElec rF++ Int+3}
   (You found it on level 9 of the Dungeon)

   It affects your intelligence (+3).
   It greatly protects you from fire.
   It insulates you from electricity.
 S - a +0 cloak (worn)
Jewellery
 n - a +1 ring of protection
 y - a ring of protection from magic (right hand)
 z - a +3 ring of dexterity (left hand)
 N - an amulet of harm (around neck)
 R - an uncursed ring of ice
Wands
 c - a wand of flame (0/48)
 d - a wand of enslavement (0/24)
 e - a wand of random effects (12/48)
 j - a wand of flame (3/48)
 H - a wand of disintegration (4/24)
Scrolls
 h - 5 scrolls of fog
 k - 6 scrolls of magic mapping
 m - 3 scrolls of noise
 v - 2 scrolls of remove curse
 w - a scroll of enchant armour
 A - 7 scrolls of fear
 L - a scroll of teleportation
Potions
 g - 2 potions of lignification
 i - 3 potions of curing
 l - 2 potions of heal wounds
 o - a potion of agility
 q - 2 potions of degeneration
 r - a potion of might
 s - a potion of resistance
 u - 4 potions of haste
 x - 4 potions of ambrosia
 B - a potion of magic
 C - a potion of flight
 D - 2 potions of berserk rage
Books
 E - a book of Frost

   Spells                             Type                      Level
   a - Freeze                         Ice                          1
   b - Throw Frost                    Conjuration/Ice              2
   c - Ozocubu's Armour               Charms/Ice                   3
   d - Throw Icicle                   Conjuration/Ice              4
   e - Summon Ice Beast               Ice/Summoning                4
 K - a book of Misfortune

   Spells                             Type                      Level
   a - Confusing Touch                Hexes                        1
   b - Confuse                        Hexes                        3
   c - Gell's Gravitas                Hexes/Translocation          3
   d - Petrify                        Transmutation/Earth          4
   e - Metabolic Englaciation         Hexes/Ice                    5
   f - Yara's Violent Unravelling     Hexes/Transmutation          5
 P - a manual of Armour
Miscellaneous
 t - an ornate deck of destruction {drawn: 4}
 Q - a plain deck of destruction {drawn: 2}
Comestibles
 a - 7 slices of pizza
 f - 7 bread rations
 J - 12 fruits
 M - 3 meat rations


   Skills:
 - Level 9.0 Fighting
   Level 0.8 Short Blades
 * Level 8.1 Maces & Flails
 + Level 11.5 Armour
 - Level 1.5 Dodging
 - Level 1.1 Stealth
 + Level 8.3 Evocations


You had 9 spell levels left.
You didn't know any spells.

Dungeon Overview and Level Annotations

Branches:
Dungeon (10/15)            Temple (1/1) D:4            Lair (0/6) D:9
    Orc (0/2) D:10

Altars:
Ashenzari
Cheibriados
Dithmenos
Elyvilon
Fedhas
Gozag
Kikubaaqudgha
Makhleb
Nemelex Xobeh
Okawaru
Ru
Sif Muna
Trog
Uskayaw
Vehumet
Xom
Zin
The Shining One

Shops:
D:4 :   D:6 *}

Annotations:
D:10 Snorg


Innate Abilities, Weirdness & Mutations

You are resistant to torment.
Your stone body is resilient. (AC +7)
You are immune to poison.
You resist negative energy. (rN+)
You are resistant to electric shocks. (rElec)
You can survive without breathing.
You are immune to petrification.
You are immune to rotting.
You have sharp toenails.
You are partially covered in thin metallic scales. (AC +2)
Scrolls take you a little longer to read.
Your magical capacity is low. (-10% MP)
You are robust. (+10% HP)
Your spells are a little harder to cast, but a little more powerful.


Message History

Snorg barely misses you. Snorg claws you.
* * * LOW HITPOINT WARNING * * *
Found a robe.
Snorg is engulfed in roaring flames.
You feel much better. Snorg barely misses you.
Snorg claws you but does no damage. Snorg barely misses you.
Snorg bites you but does no damage. Snorg claws you but does no damage. x2
Evoke which item? (* to show all) (? for menu, Esc to quit)
You draw a card...
It is Velocity.
The deck of cards disappears without a trace.
Snorg is moving somewhat quickly.
Snorg bites you!
* * * LOW HITPOINT WARNING * * *
Snorg claws you!
* * * LOW HITPOINT WARNING * * *
Snorg claws you but does no damage.
You feel much better. Snorg barely misses you. Snorg claws you!
* * * LOW HITPOINT WARNING * * *
Snorg claws you!
You die...
Your body glows slightly and disappears.

≈ #.)+.P≈PP######
###'## ≈ #############
##)# ≈ ...# ###>.# P
######.## #...## ≈
###.......#### #.### ≈
............####'#####
≈
#.......##..#.......#
P
#.......###.'.......#
≈ #...@...#
###.......# ♣
#...T...# #.......# ♣
#>.....§# #.......# ≈
#.......# ######+## #
######.## # #...
.....) ......# [...#


You could see Snorg (berserk).

Vanquished Creatures
  A hydra (D:10)
  2 centaur skeletons (D:10)
  2 dream sheep (D:10)
  2 yaks (D:10)
  2 hornet zombies
  3 sky beasts (D:9)
  A black bear (D:10)
  A phantom (D:4)
  A necrophage (D:7)
  2 centaurs
  2 big kobolds (D:10)
  2 bullfrogs
  An elf skeleton (D:8)
  A wyvern zombie (D:8)
  6 electric eels (D:10)
  2 howler monkeys (D:7)
  4 crimson imps
  A hound (D:8)
  A human zombie (D:8)
  An orc priest (D:7)
  A jelly (D:8)
  A bullfrog skeleton (D:4)
  A human skeleton (D:8)
  2 iguanas
  A worker ant (D:8)
  2 orc wizards
  A killer bee zombie (D:9)
  2 hound skeletons
  A worker ant zombie (D:8)
  10 adders
  7 gnolls
  2 oozes (D:1)
  4 adder zombies
  3 worms
  9 leopard geckos
  17 orcs
  2 ball pythons
  6 giant cockroaches
  11 hobgoblins
  11 jackals
  4 quokkas
  11 bats
  7 frilled lizards
  5 goblins
  9 kobolds
  An orc skeleton (D:8)
  2 orc zombies (D:8)
  5 rats
176 creatures vanquished.

Vanquished Creatures (collateral kills)
  Erica (D:10)
  The ghost of Atlantean the Skirmisher, a novice DsFi of Okawaru (D:7)
  A cyclops (D:6)
  Psyche (D:8)
  The ghost of theAP the Destroyer, a novice DECj (D:5)
  A troll (D:9)
  A merfolk (D:10)
  A two-headed ogre (D:7)
  A hippogriff (D:6)
  A hungry ghost (D:10)
  A sky beast (D:6)
  2 orc warriors
  A black bear (D:7)
  2 ogres
  3 centaurs
  A big kobold (D:10)
  2 bullfrogs
  A gnoll sergeant (D:9)
  2 killer bees (D:7)
  A crimson imp (D:6)
  A jelly (D:7)
  3 orc priests
  5 orc wizards
  A big kobold zombie (Ossuary)
  8 mummies (Ossuary)
  A hound skeleton (D:6)
  5 gnolls
  4 orcs
  2 gnoll zombies (Ossuary)
  2 hobgoblin zombies (Ossuary)
  A kobold (D:2)
  A kobold zombie (Ossuary)
  2 orc zombies (Ossuary)
62 creatures vanquished.

Vanquished Creatures (others)
  A killer bee (D:7)
  An iguana (D:10)
  A hound zombie (D:6)
  An adder (D:2)
  5 orcs
  A hobgoblin (D:2)
10 creatures vanquished.

Grand Total: 248 creatures vanquished

Notes
Turn   | Place    | Note
-------+----------+-------------------------------------------
     0 | D:1      | theAP the Gargoyle Artificer began the quest for the Orb.
     0 | D:1      | Reached XP level 1. HP: 12/12 MP: 2/2
   289 | D:1      | Reached XP level 2. HP: 13/17 MP: 4/4
   884 | D:1      | Reached XP level 3. HP: 20/21 MP: 5/5
  1154 | D:2      | Found a deep blue altar of Sif Muna.
  1156 | D:2      | Found a glowing golden altar of the Shining One.
  1620 | D:2      | Reached XP level 4. HP: 27/27 MP: 6/6
  2571 | D:2      | Reached XP level 5. HP: 30/32 MP: 6/8
  2750 | D:3      | Found a shattered altar of Ashenzari.
  3039 | D:3      | Reached skill level 1 in Maces & Flails
  4241 | D:4      | Noticed a phantom
  4297 | D:4      | Killed a phantom
  4297 | D:4      | Reached XP level 6. HP: 13/39 MP: 9/9
  4825 | D:4      | Found a staircase to the Ecumenical Temple.
  4843 | Temple   | Entered the Ecumenical Temple
  4926 | Temple   | Became a worshipper of Nemelex Xobeh the Trickster
  4957 | D:4      | Found Xobb's Book Shoppe.
  5004 | D:4      | Received a gift from Nemelex Xobeh
  5152 | D:4      | Found a sacrificial altar of Ru.
  5182 | D:4      | Found an iron altar of Okawaru.
  5648 | D:5      | Entered Level 5 of the Dungeon
  5759 | D:5      | Reached * piety under Nemelex Xobeh
  5801 | D:5      | Received a gift from Nemelex Xobeh
  5802 | D:5      | Noticed theAP's ghost (novice DECj)
  5821 | D:5      | Killed theAP's ghost
  5821 | D:5      | Reached skill level 5 in Evocations
  5821 | D:5      | Reached XP level 7. HP: 20/44 MP: 10/10
  6201 | D:5      | Reached skill level 5 in Fighting
  6841 | D:6      | Found a faded altar of an unknown god.
  6841 | D:6      | Found a faded altar of an unknown god.
  6846 | D:6      | Found a snail-covered altar of Cheibriados.
  6848 | D:6      | Found a faded altar of an unknown god.
  6849 | D:6      | Found a faded altar of an unknown god.
  6998 | D:6      | Found a burning altar of Makhleb.
  7099 | D:6      | Found a blossoming altar of Fedhas.
  7100 | D:6      | Found a hide-covered altar of Uskayaw.
  7102 | D:6      | Found a shadowy altar of Dithmenos.
  7536 | D:6      | Found Siroladd's General Store.
  7539 | D:6      | Noticed a hippogriff
  7541 | D:6      | Noticed an insubstantial wisp
  7541 | D:6      | Noticed an insubstantial wisp
  7547 | D:6      | Killed a hippogriff
  7558 | D:6      | Reached XP level 8. HP: 32/51 MP: 12/12
  7591 | D:6      | Bought a scroll of fear for 49 gold pieces
  7591 | D:6      | Bought 2 potions of heal wounds for 140 gold pieces
  7607 | D:6      | Found Zinyh's Gadget Boutique.
  7866 | D:6      | Noticed a cyclops
  7868 | D:6      | Killed a cyclops
  8221 | D:6      | Reached ** piety under Nemelex Xobeh
  8256 | D:7      | Noticed a two-headed ogre
  8262 | D:7      | Killed a two-headed ogre
  8314 | D:7      | Reached skill level 5 in Maces & Flails
  8696 | D:7      | Found a shimmering altar of Xom.
  8769 | D:7      | Noticed Atlantean's ghost (novice DsFi)
  8774 | D:7      | Noticed a smoke demon
  8884 | D:7      | Received a gift from Nemelex Xobeh
  8955 | D:7      | Killed Atlantean's ghost
  8955 | D:7      | Reached XP level 9. HP: 49/57 MP: 14/14
  8973 | D:7      | Gained mutation: You can translocate small distances at will. [potion of mutation]
  8973 | D:7      | Lost mutation: You can translocate small distances at will. [potion of mutation]
  8973 | D:7      | Gained mutation: You tend to lose your temper in combat. [potion of mutation]
  8974 | D:7      | Gained mutation: You have a pair of small horns on your head. [potion of mutation]
  8974 | D:7      | Gained mutation: You have sharp fingernails. [potion of mutation]
  8974 | D:7      | Gained mutation: You have a pair of horns on your head. [potion of mutation]
  8975 | D:7      | Gained mutation: You are weak. (Str -2) [potion of mutation]
  8975 | D:7      | Lost mutation: You have a pair of horns on your head. [potion of mutation]
  8975 | D:7      | Gained mutation: You are covered in fur. (AC +1) [potion of mutation]
  8976 | D:7      | Gained mutation: Your magical capacity is low. (-10% MP) [potion of mutation]
  8976 | D:7      | Gained mutation: Armour fits poorly on your strangely shaped body. [potion of mutation]
  9096 | D:7      | Lost mutation: Your magical capacity is low. (-10% MP) [potion of mutation]
  9459 | D:8      | Found a sand-covered staircase.
  9474 | Ossuary  | Entered an ossuary
  9663 | Ossuary  | Lost mutation: Armour fits poorly on your strangely shaped body. [potion of cure mutation]
  9663 | Ossuary  | Lost mutation: You are weak. (Str -2) [potion of cure mutation]
  9663 | Ossuary  | Lost mutation: You tend to lose your temper in combat. [potion of cure mutation]
  9663 | Ossuary  | Lost mutation: You are covered in fur. (AC +1) [potion of cure mutation]
  9663 | Ossuary  | Lost mutation: You have a pair of small horns on your head. [potion of cure mutation]
  9663 | Ossuary  | Lost mutation: You have sharp fingernails. [potion of cure mutation]
  9913 | D:8      | Received a gift from Nemelex Xobeh
 10181 | D:8      | Found a sacrificial altar of Ru.
 10230 | D:8      | Reached *** piety under Nemelex Xobeh
 10250 | D:8      | Noticed Psyche
 10264 | D:8      | Killed Psyche
 10271 | D:8      | Gained mutation: You regenerate slowly when monsters are visible. [potion of mutation]
 10271 | D:8      | Gained mutation: You have sharp toenails. [potion of mutation]
 10271 | D:8      | Gained mutation: Your spells are a little harder to cast, but a little more powerful. [potion of mutation]
 10932 | D:8      | Received a gift from Nemelex Xobeh
 11411 | D:9      | HP: 3/60 [centaur/arrow (1)]
 11914 | D:9      | Reached XP level 10. HP: 56/65 MP: 14/16
 11918 | D:9      | Gained mutation: Your muscles are strong. (Str +2) [mutagenic meat]
 11919 | D:9      | Gained mutation: You are partially covered in thin metallic scales. (AC +2) [mutagenic meat]
 11920 | D:9      | Lost mutation: You regenerate slowly when monsters are visible. [mutagenic meat]
 11921 | D:9      | Gained mutation: Scrolls take you a little longer to read. [mutagenic meat]
 11922 | D:9      | Lost mutation: Your muscles are strong. (Str +2) [mutagenic meat]
 12113 | D:9      | Got a transparent leather armour
 12124 | D:9      | Identified the +2 leather armour of Negligence {rElec rF++ Int+3} (You found it on level 9 of the Dungeon)
 12262 | D:9      | Found a staircase to the Lair.
 12290 | D:9      | Found a radiant altar of Vehumet.
 12290 | D:9      | Received a gift from Nemelex Xobeh
 12454 | D:9      | Reached skill level 2 in Armour
 12489 | D:9      | Reached skill level 3 in Armour
 12499 | D:9      | Gained mutation: You are robust. (+10% HP) [mutagenic meat]
 12500 | D:9      | Gained mutation: Your magical capacity is low. (-10% MP) [mutagenic meat]
 12522 | D:10     | Entered Level 10 of the Dungeon
 12558 | D:10     | Reached skill level 4 in Armour
 12675 | D:10     | Reached skill level 5 in Armour
 12707 | D:10     | Reached skill level 6 in Armour
 12807 | D:10     | Reached skill level 7 in Armour
 12822 | D:10     | Found a staircase to the Orcish Mines.
 12840 | D:10     | Reached **** piety under Nemelex Xobeh
 12840 | D:10     | Received a gift from Nemelex Xobeh
 12934 | D:10     | Reached skill level 8 in Armour
 12943 | D:10     | Reached skill level 9 in Armour
 13072 | D:10     | Noticed a two-headed hydra
 13083 | D:10     | Killed a two-headed hydra
 13083 | D:10     | Reached skill level 11 in Armour
 13115 | D:10     | Noticed Erica
 13123 | D:10     | Killed Erica
 13126 | D:10     | Noticed Fannar
 13127 | D:10     | Noticed Fannar
 13127 | D:10     | Fannar changed into Fannar the merfolk
 13131 | D:10     | Killed Fannar the merfolk
 13242 | D:10     | Noticed Snorg
 13261 | D:10     | Slain by Snorg

Skill      XL: |  1  2  3  4  5  6  7  8  9 10 |
---------------+-------------------------------+-----
Evocations     | 3 4 5 6 8 |  8.3
Fighting       | 2 3 4 5 7 8 9 |  9.0
Maces & Flails | 2 3 4 6 7 8 |  8.1
Armour         | 11 | 11.5
Short Blades   | |  0.8
Dodging        | |  1.5
Stealth        | |  1.1

Action                   |  1- 3 |  4- 6 |  7- 9 | 10-12 || total
-------------------------+-------+-------+-------+-------++-------
Melee: Short sword       |   122 |       |       |       ||   122
       Whip              |    13 |    86 |       |       ||    99
       Flail             |       |   300 |   324 |   123 ||   747
       Kick              |       |       |    17 |    38 ||    55
       Headbutt          |       |       |     7 |       ||     7
Evoke: Wand              |     8 |    23 |     2 |       ||    33
       Deck              |       |     2 |    29 |    13 ||    44
  Use: Scroll            |       |    11 |    14 |     1 ||    26
       Potion            |       |     2 |    10 |     2 ||    14
 Stab: Sleeping          |     1 |     1 |     1 |       ||     3
       Invisible         |       |       |     1 |       ||     1
  Eat: Bread ration      |     1 |       |     1 |       ||     2
       Chunk             |       |     9 |    15 |    13 ||    37
       Pizza             |       |     1 |       |       ||     1
       Beef jerky        |       |       |     1 |       ||     1
Armor: Leather armour    |    63 |   181 |   129 |    60 ||   433
       Chain mail        |       |       |    38 |     8 ||    46
Dodge: Dodged            |   104 |   312 |   222 |    79 ||   717
